[Event "Titled Tuesday Blitz October 31 Early 2023"]
[White "Lorenzo De La Riva, Lazaro"]
[Black "Todev, Simeon"]
[WhiteFideId "2268809"]
[BlackFideId "2925133"]
[WhiteElo "2099"]
[BlackElo "2374"]
[Result "1-0"]
[Round "4"]
[TimeControl "180+1"]
[Date "2023.10.31"]
[WhiteClock "0:00:29"]
[BlackClock "0:00:00"]
[Board "178"]

1. e4 c5 2. Nf3 Nc6 3. d4 cxd4 4. Nxd4 e5 5. Nb5 a6 6. Nd6+ Bxd6 7. Qxd6 Qf6 8. Qd2 Qg6 9. Nc3 Nge7 10. h4 h5 11. Qg5 d5 12. Qxg6 fxg6 13. exd5 Nb4 14. Bd3 Bf5 15. O-O Bxd3 16. cxd3 Nexd5 17. Bg5 O-O 18. Nxd5 Nxd5 19. Rfe1 Rfe8 20. Rac1 Nb4 21. Rc7 Nxd3 22. Re3 e4 23. Rxb7 Nc5 24. Rb6 Rab8 25. Rxg6 Rxb2 26. Rg3 Rb1+ 27. Kh2 Kf7 28. Bd2 Ne6 29. Bc3 Rg8 30. f4 exf3 31. gxf3 Rc1 32. Be5 Rc2+ 33. Kh3 Rc5 34. f4 Rxe5 35. fxe5 Nf4+ 36. Kh2 Nxg6 37. Ra3 Nxe5 38. Rxa6 Rb8 39. Ra7+ Kg6 40. a4 Rb2+ 41. Kg3 Ra2 42. Kf4 Nd3+ 43. Ke3 Nc5 44. a5 Ra4 45. Kf3 Rxh4 46. Rc7 Na4 47. Rc6+ Kg5 48. a6 Rh3+ 49. Ke4 Ra3 50. a7 Nc3+ 51. Rxc3 Ra4+ 52. Kd5 Rxa7 53. Rg3+ Kf4 54. Rg1 1-0


[Site "https://www.chess.com"]

[Event "Titled Tuesday Blitz October 31 Early 2023"]
[White "Silvestre, Christian"]
[Black "Dishman, Stephen"]
[WhiteFideId "30956269"]
[BlackFideId "403024"]
[WhiteElo "2087"]
[BlackElo "2354"]
[Result "1-0"]
[Round "4"]
[TimeControl "180+1"]
[Date "2023.10.31"]
[WhiteClock "0:00:16"]
[BlackClock "0:00:00"]
[Board "179"]

1. e4 c5 2. Nf3 g6 3. g3 Bg7 4. Bg2 Nc6 5. O-O e5 6. Re1 Nge7 7. a3 O-O 8. c3 d5 9. d3 a5 10. a4 b6 11. Na3 h6 12. Nb5 Be6 13. Be3 Qd7 14. Qc1 Kh7 15. Rd1 d4 16. Bd2 Bb3 17. Re1 dxc3 18. Qxc3 Be6 19. Be3 Rad8 20. Red1 Nd4 21. Bxd4 exd4 22. Qd2 Nc6 23. Re1 Nb4 24. h4 c4 25. dxc4 Bxc4 26. Rac1 Bxb5 27. axb5 Qxb5 28. Rc7 Rd7 29. Rec1 Rfd8 30. Bh3 Rxc7 31. Rxc7 Qe8 32. h5 g5 33. Bf5+ Kg8 34. Nxg5 hxg5 35. Qxg5 Kh8 36. h6 Be5 37. Re7 Qg8 38. Qh5 d3 39. Rxe5 d2 40. Bg4 Qxg4 41. Re8+ Kh7 42. Qxf7+ 1-0


[Site "https://www.chess.com"]

[Event "Titled Tuesday Blitz October 31 Early 2023"]
[White "Levine, David"]
[Black "Pein, Jonathan"]
[WhiteFideId "2011611"]
[BlackFideId "417092"]
[WhiteElo "2056"]
[BlackElo "2316"]
[Result "1-0"]
[Round "4"]
[TimeControl "180+1"]
[Date "2023.10.31"]
[WhiteClock "0:00:07"]
[BlackClock "0:00:03"]
[Board "180"]

1. d4 a6 2. e4 b5 3. Bd3 Bb7 4. Qe2 e6 5. a4 b4 6. Nd2 c5 7. Ngf3 cxd4 8. Nxd4 Qc7 9. a5 Nc6 10. Nxc6 Bxc6 11. Nc4 Bc5 12. O-O Ne7 13. Be3 Bxe3 14. Qxe3 d5 15. Nb6 Rd8 16. exd5 Nxd5 17. Nxd5 Bxd5 18. Bxa6 Qc6 19. Qe2 O-O 20. Bb5 Qa8 21. f3 Qa7+ 22. Kh1 Ra8 23. Bc4 Bc6 24. Rfd1 Qc5 25. a6 Rfc8 26. b3 h6 27. Qd2 Bb5 28. Ra5 Rcb8 29. a7 Rxa7 30. Rxa7 Qxa7 31. Bxb5 Rxb5 32. Qd8+ Kh7 33. Qd3+ Rf5 34. g4 g6 35. gxf5 exf5 36. Kg2 Qc7 37. Rd2 Qf4 38. Re2 Qg5+ 39. Kf1 Qc1+ 40. Re1 Qf4 41. Qe2 h5 42. Qg2 h4 43. h3 Qd4 44. Qf2 Qf4 45. Kg1 Kg7 46. Kh1 Kh7 47. Qg2 Qd6 48. Qf2 g5 49. f4 Qd5+ 50. Kh2 f6 51. fxg5 fxg5 52. Re7+ Kg8 53. Qe2 Qd6+ 54. Qe5 Qd2+ 55. Qe2 Qf4+ 56. Kh1 Qc1+ 57. Kg2 Qf4 58. Qe6+ Kh8 59. Qf6+ Kg8 60. Qg7# 1-0


[Site "https://www.chess.com"]

[Event "Titled Tuesday Blitz October 31 Early 2023"]
[White "leonidsh29"]
[Black "Mihajlovskij, Sergei"]
[BlackFideId "13500805"]
[WhiteElo "2047"]
[BlackElo "2296"]
[Result "0-1"]
[Round "4"]
[TimeControl "180+1"]
[Date "2023.10.31"]
[WhiteClock "0:00:00"]
[BlackClock "0:00:18"]
[Board "181"]

1. d4 g6 2. c4 Bg7 3. Nc3 c5 4. Nf3 Nf6 5. dxc5 O-O 6. g3 Na6 7. Bg2 Nxc5 8. O-O d6 9. Bg5 h6 10. Be3 Be6 11. b3 Nfd7 12. Rc1 Qc8 13. Nd5 Bxd5 14. Qxd5 a5 15. Qd2 Ne4 16. Qc2 Ndc5 17. Nd4 f5 18. Rcd1 Ra6 19. Nb5 Kh7 20. f3 Nf6 21. Nc3 Ne6 22. Nd5 Nxd5 23. Rxd5 a4 24. f4 axb3 25. axb3 Nc7 26. Rdd1 Qa8 27. Bd4 e5 28. fxe5 dxe5 29. Bc3 Ra2 30. Qc1 Rf7 31. Rd2 Ne6 32. Bd5 Rxd2 33. Qxd2 Rd7 34. Qb2 Nd4 35. e3 Qa7 36. exd4 exd4 37. Qa1 Qb6 38. Be1 d3+ 39. Kh1 Bxa1 0-1


[Site "https://www.chess.com"]

[Event "Titled Tuesday Blitz October 31 Early 2023"]
[White "ivana_999"]
[Black "gpsji27"]
[WhiteElo "2026"]
[BlackElo "2286"]
[Result "0-1"]
[Round "4"]
[TimeControl "180+1"]
[Date "2023.10.31"]
[WhiteClock "0:00:19"]
[BlackClock "0:00:14"]
[Board "182"]

1. d4 d5 2. c4 e6 3. Nc3 Nf6 4. Nf3 Be7 5. Bg5 Nbd7 6. e3 h6 7. Bh4 O-O 8. cxd5 exd5 9. Bd3 c6 10. Qc2 Re8 11. O-O Ne4 12. Bxe7 Qxe7 13. Bxe4 dxe4 14. Nd2 f5 15. d5 Ne5 16. dxc6 bxc6 17. Ne2 Ba6 18. Rfe1 Bd3 19. Qb3+ Kh8 20. Nf4 Rab8 21. Qc3 Qd6 22. Rad1 Red8 23. Qxe5 Qxe5 24. Ng6+ Kh7 25. Nxe5 Rxb2 26. Nxd3 Rxd3 27. Nc4 Rxa2 28. Rxd3 exd3 29. g3 Rc2 30. Na3 Ra2 31. Nb1 c5 32. Rc1 Rc2 33. Rd1 c4 34. Kg2 Ra2 35. Nc3 Rc2 36. Nd5 a5 37. Ra1 d2 38. Rd1 c3 39. Nxc3 Rxc3 40. Rxd2 Rc6 41. Ra2 Ra6 42. Ra4 Kg6 43. Kf3 Kf6 44. h4 g5 45. hxg5+ hxg5 46. Ke2 Ke5 47. Kd3 Kd5 48. Kc3 Kc5 49. Kb3 Kb6 50. Kc4 Kc6 51. f3 Kd6 52. Kb5 Ra8 53. Rxa5 Rxa5+ 54. Kxa5 Kc5 55. Ka6 Kc4 56. Kb6 Kd3 57. e4 fxe4 58. fxe4 Kxe4 59. Kc5 Kf3 60. Kd4 Kxg3 61. Ke3 g4 62. Ke2 Kh2 63. Ke3 g3 64. Kf4 g2 65. Kg5 g1=Q+ 66. Kh5 Qg8 67. Kh4 Qh7+ 68. Kg5 Kg3 69. Kf6 Qg8 70. Ke5 Qf7 71. Kd4 Qe6 72. Kc3 Qd5 73. Kb4 Qc6 74. Kb3 Qc5 75. Kb2 Qc4 76. Kb1 Qc3 77. Ka2 Qb4 78. Ka1 Kf3 79. Ka2 Ke3 80. Ka1 Kd3 81. Ka2 Kc2 82. Ka1 Qb2# 0-1


[Site "https://www.chess.com"]

[Event "Titled Tuesday Blitz October 31 Early 2023"]
[White "Phillips, Rene"]
[Black "Goh, Zi Han"]
[WhiteFideId "2056275"]
[BlackFideId "5819156"]
[WhiteElo "2008"]
[BlackElo "2280"]
[Result "0-1"]
[Round "4"]
[TimeControl "180+1"]
[Date "2023.10.31"]
[WhiteClock "0:00:00"]
[BlackClock "0:00:21"]
[Board "183"]

1. d4 Nf6 2. Bf4 d5 3. e3 c5 4. c3 Nc6 5. Nd2 Bf5 6. Qb3 Qb6 7. Ngf3 e6 8. h3 h6 9. Be2 c4 10. Qxb6 axb6 11. a3 Be7 12. O-O O-O 13. Rac1 Nd7 14. Bd1 b5 15. Bc2 Bxc2 16. Rxc2 f6 17. e4 dxe4 18. Nxe4 Nb6 19. Bd6 Rfe8 20. Re2 Nd5 21. Bxe7 Rxe7 22. Nc5 Kf7 23. g3 f5 24. Rfe1 Rae8 25. Kg2 Kf6 26. h4 Nb8 27. Ne5 b6 28. Nxe6 Rxe6 29. f4 Nc6 30. Nd7+ Kf7 31. Ne5+ Nxe5 32. fxe5 R6e7 33. Rf1 Ke6 0-1


[Site "https://www.chess.com"]

[Event "Titled Tuesday Blitz October 31 Early 2023"]
[White "Lohani, Sujana"]
[Black "BrandonJiang123456"]
[WhiteFideId "12311987"]
[WhiteElo "1948"]
[BlackElo "2272"]
[Result "1-0"]
[Round "4"]
[TimeControl "180+1"]
[Date "2023.10.31"]
[WhiteClock "0:00:12"]
[BlackClock "0:00:00"]
[Board "185"]

1. d4 d5 2. Nf3 Nf6 3. c4 dxc4 4. e3 c5 5. Bxc4 e6 6. O-O a6 7. a4 Nc6 8. Nc3 cxd4 9. exd4 Nb4 10. Bg5 Be7 11. Qb3 Nbd5 12. Bxf6 Nxf6 13. Rad1 O-O 14. d5 exd5 15. Nxd5 Nxd5 16. Rxd5 Qc7 17. Rd3 Bf6 18. Rfd1 Bf5 19. Re3 Rfd8 20. Rde1 h6 21. h3 Rac8 22. Bd3 Bxd3 23. Rxd3 Rxd3 24. Qxd3 Qc2 25. Qd7 Rd8 26. Qxb7 Qxb2 27. Qxa6 Bc3 28. Rf1 Qa3 29. Qb5 Ra8 30. Nh4 Qxa4 31. Qxa4 Rxa4 32. Nf5 Bf6 33. Ne3 Ra2 34. Rd1 Rb2 35. Nd5 Be5 36. Ne7+ Kh7 37. Nf5 Bf6 38. Ne3 Rb5 39. Ng4 Rf5 40. Ne3 Re5 41. Rd7 Bg5 42. Ng4 1-0


[Site "https://www.chess.com"]

[Event "Titled Tuesday Blitz October 31 Early 2023"]
[White "Desideri, Ricardo Maruchi"]
[Black "Sarkar, Justin"]
[WhiteFideId "2110440"]
[BlackFideId "2010011"]
[WhiteElo "1926"]
[BlackElo "2266"]
[Result "0-1"]
[Round "4"]
[TimeControl "180+1"]
[Date "2023.10.31"]
[WhiteClock "0:00:10"]
[BlackClock "0:00:18"]
[Board "186"]

1. e4 c5 2. Nf3 e6 3. d4 cxd4 4. Nxd4 Nc6 5. Nc3 Qc7 6. Be3 a6 7. g4 b5 8. a3 Bb7 9. Bg2 Ne5 10. Qe2 Nc4 11. Bc1 Bc5 12. Nb3 Bd6 13. Nd2 Rc8 14. Nxc4 Qxc4 15. Qf3 Ne7 16. Bf1 Qc7 17. Bd3 Ng6 18. Qe2 Nf4 19. Qf3 Be5 20. Bxf4 Bxf4 21. Ne2 Be5 22. Rb1 d5 23. Ng3 Bxg3 24. hxg3 dxe4 25. Bxe4 Qe5 0-1


[Site "https://www.chess.com"]

[Event "Titled Tuesday Blitz October 31 Early 2023"]
[White "Gyulamiryan-koryun"]
[Black "Malikova777"]
[WhiteElo "1911"]
[BlackElo "2266"]
[Result "0-1"]
[Round "4"]
[TimeControl "180+1"]
[Date "2023.10.31"]
[WhiteClock "0:00:05"]
[BlackClock "0:02:05"]
[Board "187"]

1. Nf3 Nf6 2. g3 g6 3. Bg2 Bg7 4. O-O O-O 5. d3 d5 6. Nbd2 c5 7. c4 d4 8. Rb1 Nc6 9. a3 a5 10. Re1 e5 11. Qc2 Be6 12. h3 Nd7 13. Nb3 f5 14. Ng5 Qe7 15. Bxc6 bxc6 16. Nxe6 Qxe6 17. a4 e4 18. Bd2 e3 19. fxe3 f4 20. g4 fxe3 21. Bxa5 h5 22. Rf1 hxg4 23. Rxf8+ Rxf8 24. Rf1 gxh3 25. Rxf8+ Bxf8 26. Bc7 Qg4+ 27. Kf1 Qg2+ 28. Ke1 Qg1# 0-1


[Site "https://www.chess.com"]

[Event "Titled Tuesday Blitz October 31 Early 2023"]
[White "Bocangel Chavez, Marjoire J."]
[Black "Clawitter, Craig"]
[WhiteFideId "3810500"]
[BlackFideId "2023105"]
[WhiteElo "1888"]
[BlackElo "2246"]
[Result "0-1"]
[Round "4"]
[TimeControl "180+1"]
[Date "2023.10.31"]
[WhiteClock "0:00:00"]
[BlackClock "0:00:31"]
[Board "188"]

1. e4 e6 2. d4 d5 3. exd5 exd5 4. Bd3 Bd6 5. Ne2 Nc6 6. Nbc3 Qh4 7. Nxd5 Bg4 8. Ne3 Nf6 9. g3 Qh3 10. Nxg4 Nxg4 11. Nf4 Bxf4 12. Bxf4 O-O-O 13. Bf5+ Kb8 14. Bxg4 Rhe8+ 15. Be3 Qh6 16. O-O Rxe3 17. fxe3 Qxe3+ 18. Kh1 Rxd4 19. Qf3 Qe7 20. Rad1 a6 21. Rxd4 Nxd4 22. Qg2 g6 23. Bf3 c6 0-1


[Site "https://www.chess.com"]

[Event "Titled Tuesday Blitz October 31 Early 2023"]
[White "De Souza, Cristiano Gomes"]
[Black "Mohammadian,Mohammad"]
[WhiteFideId "2151758"]
[BlackFideId "12566055"]
[WhiteElo "2243"]
[BlackElo "1859"]
[Result "1-0"]
[Round "4"]
[TimeControl "180+1"]
[Date "2023.10.31"]
[WhiteClock "0:01:34"]
[BlackClock "0:00:00"]
[Board "189"]

1. d4 Nf6 2. c4 g6 3. Nf3 Bg7 4. Nc3 d5 5. Bf4 c6 6. e3 Bf5 7. Bd3 Bxd3 8. Qxd3 Qb6 9. Rb1 O-O 10. O-O Nbd7 11. b4 a6 12. a4 Qd8 13. h3 Re8 14. Ne5 Nxe5 15. Bxe5 Nd7 16. Bxg7 Kxg7 17. cxd5 cxd5 18. Nxd5 Nf6 19. Nxf6 exf6 20. Rfc1 Qe7 21. Rc4 Rec8 22. Rbc1 Rd8 23. Rc7 Qxb4 24. Rb1 Qxa4 25. Rbxb7 Qa1+ 26. Kh2 Rf8 27. Qb3 Qa5 28. Rxf7+ Rxf7 29. Qxf7+ Kh6 30. Qxh7+ Kg5 31. f4+ Kf5 32. g4+ Ke4 33. Qxg6+ Kxe3 34. Rb3+ Kxf4 35. Qxf6+ Ke4 36. Qc6+ 1-0


[Site "https://www.chess.com"]

[Event "Titled Tuesday Blitz October 31 Early 2023"]
[White "ssgm49"]
[Black "Akylbek2021"]
[WhiteElo "1819"]
[BlackElo "2240"]
[Result "0-1"]
[Round "4"]
[TimeControl "180+1"]
[Date "2023.10.31"]
[WhiteClock "0:00:00"]
[BlackClock "0:00:15"]
[Board "190"]

1. c4 f5 2. d4 Nf6 3. Nc3 g6 4. Nf3 Bg7 5. g3 e6 6. Bg2 O-O 7. O-O d5 8. cxd5 exd5 9. Bf4 c6 10. b4 Nbd7 11. b5 Ne4 12. Nxe4 fxe4 13. Ng5 Nb6 14. bxc6 bxc6 15. Bh3 Bxh3 16. Nxh3 h6 17. Be3 g5 18. f3 Qd7 19. Nf2 Nc4 20. Bc1 Rae8 21. fxe4 dxe4 22. e3 Kh8 23. Qb3 Qd5 24. Qc2 Rf3 25. Re1 Bxd4 26. exd4 Qxd4 27. Bxg5 hxg5 28. Rad1 Qc5 29. Rc1 e3 30. Nd3 Qf5 31. Qxc4 e2 32. Qd4+ Kg8 33. Qc4+ Kh8 34. Qd4+ Kg8 35. Qd6 Rf8 36. Qxc6 Rxd3 0-1


[Site "https://www.chess.com"]

[Event "Titled Tuesday Blitz October 31 Early 2023"]
[White "Nakamura, Hikaru"]
[Black "Chigaev, Maksim"]
[WhiteFideId "2016192"]
[BlackFideId "4108116"]
[WhiteElo "3238"]
[BlackElo "2925"]
[Result "1-0"]
[Round "5"]
[TimeControl "180+1"]
[Date "2023.10.31"]
[WhiteClock "0:00:30"]
[BlackClock "0:00:02"]
[Board "1"]

1. Nf3 d5 2. d4 Nf6 3. c4 e6 4. g3 Be7 5. Bg2 O-O 6. Nc3 c6 7. b3 a5 8. O-O b6 9. Qd3 Ba6 10. e4 Nbd7 11. Bb2 dxc4 12. bxc4 e5 13. Qc2 Qc7 14. Ne2 exd4 15. Nexd4 Ng4 16. Rfd1 Rfe8 17. h3 Nge5 18. Nd2 Bc5 19. f4 Qd6 20. Qc3 Bb4 21. Qe3 Bxd2 22. Qxd2 Nxc4 23. Qf2 Nxb2 24. Qxb2 Qc5 25. Rac1 Bc4 26. e5 Rac8 27. Kh2 Nf8 28. Nf5 b5 29. Nd6 Ne6 30. a4 h5 31. h4 Rcd8 32. Qc3 Nc7 33. Qxa5 Rxd6 34. Rxd6 Ne6 35. Qd2 Qa3 36. Bxc6 Rb8 37. axb5 Bxb5 38. Rb1 Qa6 39. Bxb5 1-0


[Site "https://www.chess.com"]

[Event "Titled Tuesday Blitz October 31 Early 2023"]
[White "Ilamparthi A R"]
[Black "Andreikin, Dmitry"]
[WhiteFideId "45015775"]
[BlackFideId "4158814"]
[WhiteElo "2923"]
[BlackElo "3102"]
[Result "0-1"]
[Round "5"]
[TimeControl "180+1"]
[Date "2023.10.31"]
[WhiteClock "0:00:03"]
[BlackClock "0:00:09"]
[Board "2"]

1. d4 Nf6 2. Nf3 e6 3. Bf4 b6 4. e3 Bb7 5. Nbd2 Nh5 6. Bg3 Nxg3 7. hxg3 g6 8. a4 a6 9. Be2 Bg7 10. c3 O-O 11. O-O c5 12. Nc4 d5 13. Nce5 Nd7 14. Nxd7 Qxd7 15. a5 b5 16. Ne5 Qc7 17. Nd3 c4 18. Nc5 Bc6 19. Bf3 Rfd8 20. e4 Bf8 21. exd5 Bxd5 22. Ne4 Bg7 23. Qe2 e5 24. dxe5 Qxe5 25. Rfe1 b4 26. Rad1 Rab8 27. Rd2 Bxe4 28. Rxd8+ Rxd8 29. Qxe4 bxc3 30. bxc3 Qxc3 31. Kh2 Qxa5 32. Rd1 c3 33. Rxd8+ Qxd8 34. Qc4 a5 35. Bd5 Qf8 36. Qc6 Bd4 37. Kg1 Kg7 38. Bb3 Qc5 39. Qf3 Qc7 40. Qd5 Bf6 41. Bc2 a4 42. Bxa4 c2 43. Bxc2 Qxc2 44. Qf3 Qb2 45. Kh2 h5 46. Kg1 Bd4 47. Qf4 Qxf2+ 48. Qxf2 Bxf2+ 49. Kxf2 Kf6 50. Ke3 Kg5 51. Kf3 f6 52. Ke3 Kg4 53. Kf2 f5 0-1


[Site "https://www.chess.com"]

[Event "Titled Tuesday Blitz October 31 Early 2023"]
[White "So, Wesley"]
[Black "Pranav Anand"]
[WhiteFideId "5202213"]
[BlackFideId "46626786"]
[WhiteElo "3099"]
[BlackElo "2921"]
[Result "1-0"]
[Round "5"]
[TimeControl "180+1"]
[Date "2023.10.31"]
[WhiteClock "0:00:09"]
[BlackClock "0:00:02"]
[Board "3"]

1. d4 Nf6 2. c4 g6 3. Nc3 Bg7 4. e4 d6 5. Nf3 O-O 6. Be2 e5 7. O-O Bg4 8. d5 a5 9. Ne1 Bd7 10. Be3 Na6 11. Nd3 b6 12. g4 Nc5 13. Nxc5 dxc5 14. Kh1 Ne8 15. Rg1 a4 16. g5 Nd6 17. Qd3 f5 18. gxf6 Qxf6 19. Rg3 Qe7 20. Rag1 Rf4 21. Bg4 Raf8 22. Bxd7 Qxd7 23. Bxf4 exf4 24. Rg4 Qe8 25. f3 a3 26. b3 Qe5 27. Ne2 Qb2 28. R4g2 Qe5 29. Rg5 Qb2 30. R5g2 Qe5 31. h4 Bh6 32. h5 g5 33. Qc3 Qxc3 34. Nxc3 Nf7 35. e5 Kh8 36. e6 Ne5 37. Rf1 g4 38. fxg4 f3 39. Rg3 Bg5 40. Ne4 Bh4 41. Rh3 Be7 42. g5 Rf4 43. Nd2 f2 44. Kg2 Bxg5 45. Rxf2 Rg4+ 46. Rg3 Rxg3+ 47. Kxg3 Kg8 48. Ne4 Be7 49. Nf6+ Kg7 50. Ng4 Nd3 51. Rf7+ 1-0


[Site "https://www.chess.com"]

[Event "Titled Tuesday Blitz October 31 Early 2023"]
[White "Terry, Renato"]
[Black "Kazakouski, Valery"]
[WhiteFideId "3803457"]
[BlackFideId "13507443"]
[WhiteElo "3021"]
[BlackElo "2884"]
[Result "1-0"]
[Round "5"]
[TimeControl "180+1"]
[Date "2023.10.31"]
[WhiteClock "0:00:04"]
[BlackClock "0:00:00"]
[Board "4"]

1. d4 Nf6 2. Bg5 e6 3. e4 h6 4. Bxf6 Qxf6 5. c3 d6 6. Bd3 Qg6 7. g3 e5 8. Nd2 Be7 9. Nc4 Qf6 10. dxe5 dxe5 11. Qh5 Nd7 12. Bc2 b5 13. Ne3 c6 14. Qf5 Bc5 15. Qxf6 Nxf6 16. Ke2 Be6 17. Nf3 Nd7 18. Bb3 Ke7 19. Rhd1 Rhd8 20. Bxe6 Kxe6 21. Nf5 Bf8 22. Ne3 Nc5 23. Nd2 Rd7 24. f3 Rad8 25. Nb3 Na4 26. Rxd7 Rxd7 27. Rb1 g6 28. Nd1 f5 29. Nd2 h5 30. exf5+ gxf5 31. Nf1 Bh6 32. Nfe3 f4 33. Nf1 Nc5 34. Ra1 Kf5 35. Nf2 e4 36. fxe4+ Nxe4 37. Nxe4 Kxe4 38. gxf4 Bxf4 39. Re1 h4 40. Kf2+ Kf5 41. Re8 Rf7 42. Rc8 Rf6 43. Kf3 Be5 44. Ke2 a5 45. Re8 Rg6 46. Ne3+ Ke4 47. h3 Kf4 48. Kf2 Bd6 49. Ng2+ Kg5 50. Re4 Bg3+ 51. Ke2 Kf5 52. Nxh4+ Bxh4 53. Rxh4 Rg2+ 54. Kd3 Rxb2 55. Rh6 c5 56. Rh5+ Kf4 57. Rxc5 a4 58. h4 a3 59. h5 Rxa2 60. Rxb5 Rh2 61. Ra5 a2 62. Kc4 Ke4 63. Kb3 Rxh5 64. Rxa2 Rh8 65. Rd2 Rc8 66. Kc2 Ke5 67. Rd1 Ke4 68. Rd4+ Ke5 69. Kd3 Rc7 70. c4 Rh7 71. Rd5+ Ke6 72. Kd4 Rc7 73. c5 Ke7 74. Kc4 Ke6 75. Rd6+ Ke7 76. Rd1 Rc8 77. Kb5 Rb8+ 78. Kc6 Rc8+ 79. Kb6 1-0


[Site "https://www.chess.com"]

[Event "Titled Tuesday Blitz October 31 Early 2023"]
[White "Pranav, V"]
[Black "Ivic, Velimir"]
[WhiteFideId "25060783"]
[BlackFideId "950122"]
[WhiteElo "3021"]
[BlackElo "2863"]
[Result "1-0"]
[Round "5"]
[TimeControl "180+1"]
[Date "2023.10.31"]
[WhiteClock "0:00:28"]
[BlackClock "0:00:03"]
[Board "5"]

1. e4 c5 2. Nf3 Nc6 3. Bb5 e6 4. Bxc6 bxc6 5. b3 f6 6. O-O Nh6 7. Bb2 e5 8. Re1 Nf7 9. c3 Be7 10. d4 cxd4 11. cxd4 d6 12. Nbd2 O-O 13. h3 a5 14. Rc1 Bb7 15. a4 Qd7 16. Nc4 Qe6 17. Bc3 Rac8 18. Nxa5 Ba8 19. Bb2 d5 20. dxe5 fxe5 21. exd5 cxd5 22. Rxc8 Rxc8 23. Nxe5 Bb4 24. Re3 Nxe5 25. Rxe5 Qd7 26. Rg5 Bf8 27. Rg4 Qc7 28. b4 Rb8 29. Qd2 Qf7 30. b5 Qc7 31. Nb3 Re8 32. Nd4 Bb7 33. Nf5 g6 34. Ne3 Qd7 35. a5 Qxb5 36. Qd4 Kf7 37. Qf6+ Kg8 38. Rxg6+ hxg6 39. Qxg6+ Bg7 40. Qxg7# 1-0


[Site "https://www.chess.com"]

[Event "Titled Tuesday Blitz October 31 Early 2023"]
[White "Le, Quang Liem"]
[Black "Madaminov, Mukhiddin"]
[WhiteFideId "12401137"]
[BlackFideId "14210703"]
[WhiteElo "3014"]
[BlackElo "2857"]
[Result "1-0"]
[Round "5"]
[TimeControl "180+1"]
[Date "2023.10.31"]
[WhiteClock "0:00:56"]
[BlackClock "0:00:06"]
[Board "6"]

1. Nf3 Nf6 2. c4 g6 3. Nc3 Bg7 4. e4 e5 5. Nxe5 O-O 6. Nf3 Re8 7. Bd3 Nxe4 8. Bxe4 Bxc3 9. dxc3 Rxe4+ 10. Be3 Nc6 11. O-O d6 12. Qd5 Qe8 13. Rae1 Bf5 14. Ng5 Re5 15. Qd2 Qd7 16. Nf3 Re6 17. h3 h5 18. Bd4 Rae8 19. Rxe6 Bxe6 20. Bf6 Kh7 21. Ng5+ Kg8 22. Ne4 Kh7 23. Bg5 Qc8 24. Nf6+ Kg7 25. Bh6+ Kh8 26. Bf8 1-0


[Site "https://www.chess.com"]

[Event "Titled Tuesday Blitz October 31 Early 2023"]
[White "Pakleza, Zbigniew"]
[Black "Le, Tuan Minh"]
[WhiteFideId "1119290"]
[BlackFideId "12401153"]
[WhiteElo "2816"]
[BlackElo "2988"]
[Result "1-0"]
[Round "5"]
[TimeControl "180+1"]
[Date "2023.10.31"]
[WhiteClock "0:00:04"]
[BlackClock "0:00:00"]
[Board "7"]

1. d4 d5 2. Bf4 Nf6 3. e3 c5 4. c3 Qb6 5. Qb3 Nc6 6. Nd2 cxd4 7. exd4 Bf5 8. Ngf3 e6 9. Qxb6 axb6 10. Bb5 Nd7 11. O-O Be7 12. Rfe1 O-O 13. h3 h6 14. a3 Rfc8 15. Nf1 Nf6 16. g4 Bh7 17. Ne5 Na5 18. Re2 Nc4 19. Bh2 Ra5 20. Bxc4 dxc4 21. Rae1 Nd5 22. Ne3 Nxe3 23. Rxe3 Rd5 24. f4 Bf8 25. Kf2 b5 26. Bg3 Ra8 27. Nf3 Ra6 28. Re5 Rxe5 29. Rxe5 b4 30. axb4 Ra2 31. Re2 Bd3 32. Rd2 Bxb4 33. Ke3 Bd6 34. Ne5 Bxe5 35. dxe5 Ra1 36. Kd4 Rh1 37. Bh2 Rf1 38. Kc5 Rf3 39. h4 h5 40. gxh5 Kh7 41. Kb6 Kh6 42. Kxb7 Kxh5 43. Kc6 Kxh4 44. Kd6 Bg6 45. Kc5 Bd3 46. Kd6 Kg4 47. Rg2+ Kf5 48. Rxg7 Rf2 49. Rxf7+ Kg4 50. Bg1 Rxb2 51. Kxe6 Kf3 52. Bd4 Ke4 53. Kd6 Ra2 54. e6 Ra6+ 55. Ke7 Kd5 56. Rf6 Rc6 57. Kf7 Be2 58. Rf5+ Kd6 59. e7 Rc7 60. Be5+ Kd7 61. Bxc7 1-0


[Site "https://www.chess.com"]

[Event "Titled Tuesday Blitz October 31 Early 2023"]
[White "Martinez Alcantara, Jose Eduardo"]
[Black "Klukin, Kirill"]
[WhiteFideId "3805662"]
[BlackFideId "24199273"]
[WhiteElo "3140"]
[BlackElo "2853"]
[Result "1/2-1/2"]
[Round "5"]
[TimeControl "180+1"]
[Date "2023.10.31"]
[WhiteClock "0:01:09"]
[BlackClock "0:00:27"]
[Board "9"]

1. e4 c5 2. Nf3 g6 3. c3 Bg7 4. d4 cxd4 5. cxd4 d5 6. e5 a6 7. h3 Nc6 8. Nc3 f6 9. exf6 Nxf6 10. Be3 O-O 11. Bd3 Nh5 12. O-O Nf4 13. Re1 Nxd3 14. Qxd3 Bxh3 15. Bg5 Bg4 16. Ne5 Nxe5 17. dxe5 Be6 18. Ne2 Qd7 19. Nd4 Bf5 20. Qg3 e6 21. b3 Rac8 22. Rac1 Rxc1 23. Bxc1 Rc8 24. Bg5 Qf7 25. Be3 h6 26. f4 Be4 27. Qg4 Bf5 28. Qg3 Kh7 29. Bd2 Bf8 30. Kh2 Be4 31. Qh3 Bf5 32. Qg3 Rc7 33. Ba5 Rc8 34. Bd2 1/2-1/2


[Site "https://www.chess.com"]

[Event "Titled Tuesday Blitz October 31 Early 2023"]
[White "Bharath Subramaniyam H"]
[Black "Theodorou, Nikolas"]
[WhiteFideId "46634827"]
[BlackFideId "4262875"]
[WhiteElo "2909"]
[BlackElo "3005"]
[Result "0-1"]
[Round "5"]
[TimeControl "180+1"]
[Date "2023.10.31"]
[WhiteClock "0:00:06"]
[BlackClock "0:01:16"]
[Board "10"]

1. e4 b6 2. d4 Bb7 3. Nc3 d6 4. g3 Nd7 5. Bg2 e5 6. d5 g6 7. Nge2 h5 8. Be3 h4 9. Qd2 Ngf6 10. Bg5 h3 11. Bf3 Be7 12. Be3 c6 13. dxc6 Bxc6 14. O-O-O Rc8 15. g4 b5 16. g5 Nh7 17. Rhg1 b4 18. Nd5 Bxd5 19. exd5 Nb6 20. Bg4 Nc4 21. Qxb4 Nxe3 22. fxe3 Rc5 23. Qa4+ Kf8 24. Qxa7 Bxg5 25. Rg3 Nf6 26. Rf1 Rh7 27. Rxh3 Rc7 28. Qa6 Rxh3 29. Bxh3 Nxd5 30. Kb1 Nxe3 31. Rc1 Nc4 32. Rd1 Nd2+ 33. Kc1 Rc5 34. Bg2 Ra5 35. Qb7 Rxa2 36. c3 Nc4+ 37. Kb1 Rxb2+ 38. Qxb2 Nxb2 39. Kxb2 Qb6+ 40. Kc2 Qf2 41. Bf1 d5 42. Kb3 Kg7 43. Ng3 Qxh2 44. Ne2 Qf2 45. c4 Qb6+ 46. Kc3 Qa5+ 47. Kb3 dxc4+ 48. Kc2 Qa4+ 0-1


[Site "https://www.chess.com"]

[Event "Titled Tuesday Blitz October 31 Early 2023"]
[White "Sjugirov, Sanan"]
[Black "Svane, Frederik"]
[WhiteFideId "4189302"]
[BlackFideId "12923044"]
[WhiteElo "2957"]
[BlackElo "2869"]
[Result "1/2-1/2"]
[Round "5"]
[TimeControl "180+1"]
[Date "2023.10.31"]
[WhiteClock "0:00:08"]
[BlackClock "0:00:22"]
[Board "11"]

1. d4 Nf6 2. c4 e6 3. Nf3 d5 4. g3 Bb4+ 5. Bd2 a5 6. Bg2 O-O 7. O-O c5 8. cxd5 cxd4 9. Bxb4 axb4 10. dxe6 Bxe6 11. Qxd4 Qa5 12. Nbd2 Nc6 13. Qh4 h6 14. a3 Rfd8 15. Ne4 Nd5 16. Rfc1 bxa3 17. bxa3 Bf5 18. Nc5 Bc8 19. Nd4 Nde7 20. Nxc6 Nxc6 21. Nxb7 Bxb7 22. Bxc6 Bxc6 23. Rxc6 Qe5 24. Rcc1 Rd4 25. Qh3 Qxe2 26. Qf1 Qxf1+ 27. Kxf1 Rd3 28. a4 Rd4 29. a5 Rd5 30. a6 Rd6 31. a7 Rd7 32. Kg2 Rdxa7 33. Rxa7 Rxa7 34. Rc3 g6 35. h4 h5 36. Rf3 Kg7 37. Rf4 Ra6 38. Rf3 Ra4 39. Re3 Ra6 40. Rf3 Rf6 41. Rd3 Re6 42. Rf3 Rf6 43. Rd3 Re6 44. Rf3 Rf6 1/2-1/2


[Site "https://www.chess.com"]